 Dungeon Crawl Stone Soup version 0.26.0-11-g8f856b5395 (webtiles) character file.

Game seed: 5308744221123821216

577 Froggeryz the Ruffian (level 7, -3/57 HPs)
             Began as a Ghoul Delver on Jan 15, 2021.
             Was a Follower of Uskayaw.
             Slain by an orc warrior
             ... wielding a +0 vorpal scimitar
              (13 damage)
             ... on level 5 of the Dungeon.
             The game lasted 00:05:39 (4297 turns).

Froggeryz the Ruffian (Ghoul Delver)                Turns: 4297, Time: 00:05:39

Health: -3/57      AC: 11    Str: 18    XL:     7   Next: 35%
Magic:  3/6        EV:  7    Int:  5    God:    Uskayaw [*.....]
Gold:   234        SH:  0    Dex: 10    Spells: 6/6 levels left

rFire    . . .     SeeInvis +     - Unarmed
rCold    + . .     Faith    .   (no shield)
rNeg     + + +     Spirit   .   h - +0 chain mail
rPois    ∞         Reflect  .   t - +0 helmet
rElec    .         Harm     .   g - +0 cloak
rCorr    +         Rampage  .   (no gloves)
Will     .....                  (no boots)
Stlth    ..........             (no amulet)
HPRegen  0.00/turn              i - ring of see invisible
MPRegen  0.10/turn              l - ring of resist corrosion

@: no status effects
A: claws 1, cold resistance 1, negative energy resistance 3, inhibited
regeneration, torment resistance, unbreathing
a: Renounce Religion, Stomp


You were on level 5 of the Dungeon.
You worshipped Uskayaw.
Uskayaw was noncommittal.
You visited 1 branch of the dungeon, and saw 5 of its levels.

You collected 234 gold pieces.

Inventory:

Missiles
 w - 16 poisoned darts (quivered)
Armour
 g - a +0 cloak (worn)
 h - a +0 chain mail (worn)
 s - a +0 buckler
 t - a +0 helmet (worn)
Jewellery
 i - a ring of see invisible (left claw)
 l - a ring of resist corrosion (right claw)
Wands
 f - a wand of digging (3)
Scrolls
 a - 8 scrolls of identify {unknown}
 b - a scroll of fog
 c - 3 scrolls of magic mapping
 d - a scroll of fear
 k - 2 scrolls of immolation {unknown}
 o - 7 scrolls of teleportation {unknown}
 p - a scroll of enchant weapon {unknown}
 r - 4 scrolls of remove curse {unknown}
 u - a scroll of enchant armour {unknown}
Potions
 e - 2 potions of haste
 j - a potion of cancellation {unknown}
 m - 2 potions of curing {unknown}
 n - a potion of heal wounds {unknown}
 q - a potion of might {unknown}
 v - a potion of lignification {unknown}


   Skills:
 - Level 3.2 Fighting
 + Level 3.4 Armour
 - Level 1.7 Dodging
 - Level 5.4 Stealth
 * Level 7.4 Unarmed Combat


You had 6 spell levels left.
You didn't know any spells.
Your spell library was empty.

Dungeon Overview and Level Annotations

Branches:
Dungeon (5/15)
 Temple: D:4-7

Altars:
Uskayaw


Innate Abilities, Weirdness & Mutations

You thrive by killing the living.
You are immune to poison.
You have sharp fingernails.
Your flesh is cold resistant. (rC+)
You are immune to negative energy. (rN+++)
You do not regenerate when monsters are visible.
You are immune to unholy pain and torment.
You can survive without breathing.


Message History

You scratch the orc warrior but do no damage.
An orc warrior opens the door.
Found a green potion.
You scratch the orc warrior but do no damage.
The orc warrior closely misses you.
You scratch the orc warrior.
The orc warrior is lightly wounded.
The orc warrior hits you with a +0 vorpal scimitar!
You stomp with the beat, sending a shockwave through the revellers around you!
The orc warrior is moderately wounded.
You can no longer stomp with the beat.
You claw the orc warrior!
The orc warrior is almost dead.
The orc warrior hits you with a +0 vorpal scimitar!
* * * LOW HITPOINT WARNING * * *
x2 You can now stomp with the beat.
You closely miss the orc warrior.
The orc warrior is almost dead.
The orc warrior hits you with a +0 vorpal scimitar!
You die...

#.# #.... #.# #####
#....## #.###...#
#.....# #.#...#.#
#...))#####+#
#.'...#.#
#.....'.!....
###...#.# #.....#
#......# #####o#
#......# #o#
#......# #@#
#......# #.#
#......# #.#
######## ######.#
#.# #.)..... #.# #.#
###.###### ###'##
###'### #.........
#....#####.....#
#.#.######
#####........'.....#
#.#.#
.....)....####.....#
#<#.#


You could see an orc warrior and an orc.

Vanquished Creatures
  An ogre (D:3)
  A centaur (D:5)
  A scorpion (D:4)
  A howler monkey (D:4)
  An iguana (D:4)
  2 worker ants
  2 hound skeletons
  Robin (D:2)
  4 gnolls
  9 adders
  An adder skeleton (D:4)
  3 worms
  A leopard gecko (D:3)
  2 orcs (D:5)
  A ball python (D:2)
  8 giant cockroaches
  8 hobgoblins
  6 jackals
  6 kobolds
  2 quokkas
  5 bats
  5 frilled lizards
  12 goblins
  A jackal skeleton (D:4)
  4 rats
88 creatures vanquished.

Vanquished Creatures (others)
  72 plants (D:2)
72 creatures vanquished.

Grand Total: 160 creatures vanquished

Notes
Turn   | Place    | Note
-------+----------+-------------------------------------------
     0 | D:5      | Froggeryz the Ghoul Delver began the quest for the Orb.
     0 | D:5      | Reached XP level 1. HP: 19/19 MP: 0/0
   329 | D:3      | Reached XP level 2. HP: 25/26 MP: 1/1
   391 | D:3      | Reached skill level 3 in Unarmed Combat
   963 | D:1      | Reached XP level 3. HP: 27/31 MP: 2/2
  1411 | D:2      | Reached skill level 4 in Unarmed Combat
  1559 | D:2      | Reached XP level 4. HP: 30/38 MP: 3/3
  1647 | D:2      | Reached skill level 1 in Armour
  1724 | D:2      | Noticed Robin
  1737 | D:2      | Killed Robin
  1902 | D:1      | Reached skill level 5 in Unarmed Combat
  1911 | D:1      | Reached XP level 5. HP: 23/45 MP: 4/4
  2624 | D:3      | Noticed a +0 dagger
  2624 | D:3      | Noticed a +0 hand axe
  2625 | D:3      | Found a hide-covered altar of Uskayaw.
  2638 | D:3      | Became a worshipper of Uskayaw the Reveller
  2690 | D:3      | Reached * piety under Uskayaw
  3046 | D:4      | Noticed an ogre
  3059 | D:3      | Reached ** piety under Uskayaw
  3061 | D:3      | Reached *** piety under Uskayaw
  3062 | D:3      | Killed an ogre
  3063 | D:3      | Reached skill level 6 in Unarmed Combat
  3063 | D:3      | Reached XP level 6. HP: 22/51 MP: 2/5
  3063 | D:3      | Reached **** piety under Uskayaw
  3079 | D:4      | Reached ***** piety under Uskayaw
  3577 | D:4      | Reached skill level 7 in Unarmed Combat
  3577 | D:4      | Reached XP level 7. HP: 57/57 MP: 6/6
  4297 | D:5      | Slain by an orc warrior

Illustrated notes

Levels and vault maps discovered:
D:1:      noname_arrival_rooms_in_the_neighbourhood, layout_basic
D:2:      minmay_angry_zag, layout_loops_cross, kennysheep_boxes, uniq_robin
D:3:      layout_loops_corners, dancing_weapons_uskayaw, grunt_decor_cap,
          kennysheep_pointless_box
D:4:      layout_gridville
D:5:      layout_basic

Skill      XL: |  1  2  3  4  5  6 |
---------------+-------------------+-----
Unarmed Combat | 3 4 5 6 7 |  7.4
Armour         | 1 2 3 |  3.4
Fighting       | |  3.2
Dodging        | |  1.7
Stealth        | |  5.4

Action                   |  1- 3 |  4- 6 |  7- 9 || total
-------------------------+-------+-------+-------++-------
Melee: Unarmed           |   118 |   201 |    28 ||   347
       Punch             |     1 |     2 |     1 ||     4
Invok: Stomp             |       |     2 |     1 ||     3
 Stab: Paralysed         |       |     2 |       ||     2
Armor: Chain mail        |    76 |   112 |     8 ||   196
Dodge: Dodged            |    32 |    91 |    13 ||   136
